Map: Pillars of Gold LE

Players

Rail

  • Race: Protoss Protoss
  • League: Master
  • Spawn Location: 7:00

Sarrel - Winner!

  • Race: Terran Terran
  • League: Master
  • Spawn Location: 1:00

VOD

https://youtu.be/15BDhf7efAs?t=574

Description

Time

  • Played on: June 14, 2020, 7:29 a.m.
  • Length: 10:47
Show
View Real Time Build Order
Export as new Build Order

Rail Protoss 

Build Orders: 1 Gate Expand, Phoenix Opening, Colossus Rush 

Get SALT Encoding   

  12  0:01  Probe  
  13  0:13  Probe  
  14  0:18  Pylon  
  14  0:24  Probe  
  15  0:32  Probe  
  15  0:39  Gateway  
  15  0:40  Probe  
  16  0:48  Assimilator  
  17  0:52  Probe  
  18  1:04  Probe  
  19  1:23  Nexus  
  19  1:33  Cybernetics Core  
  19  1:36  Probe  
  20  1:42  Assimilator  
  20  1:48  Probe  
  20  1:53  Pylon  
  21  2:01  Probe  
  22  2:02  Adept  
  22  2:13  Probe  
  25  2:19  Stargate  
  25  2:25  Probe  
  25  2:27  Warp Gate  
  26  2:32  Adept, Probe  
  29  2:40  Probe x2  
  30  2:50  Probe  
  31  2:52  Probe  
  31  2:54  Phoenix  
  33  3:02  Probe  
  36  3:05  Adept  
  36  3:09  Probe  
  39  3:14  Probe  
  40  3:21  Probe  
  40  3:23  Robotics Facility  
  40  3:26  Gateway  
  41  3:29  Probe  
  41  3:34  Pylon  
  42  3:36  Probe  
  42  3:41  Probe  
  42  3:43  Phoenix  
  42  3:48  Probe  
  41  3:53  Probe  
  43  3:56  Pylon  
  43  4:00  Assimilator, Probe  
  44  4:03  Assimilator  
  44  4:06  Phoenix  
  46  4:10  Probe  
  46  4:14  Probe  
  46  4:16  Observer  
  49  4:18  Probe  
  49  4:20  Pylon  
  49  4:22  Probe  
  50  4:26  Probe  
  50  4:31  Probe  
  52  4:32  Phoenix  
  52  4:37  Probe  
  55  4:43  Probe  
  56  4:49  Probe  
  57  4:55  Probe  
  57  4:57  Zealot  
  60  5:06  Robotics Bay, Probe  
  61  5:08  Probe  
  61  5:11  Phoenix  
  61  5:13  Sentry  
  64  5:18  Probe  
  65  5:22  Pylon  
  65  5:23  Probe  
  66  5:30  Zealot  
  66  5:32  Pylon  
  66  5:33  Probe  
  66  5:35  Observer, Probe  
  68  5:45  Phoenix  
  70  5:50  Colossus  
  70  6:02  Sentry  
  78  6:05  Nexus  
  78  6:07  Pylon  
  78  6:10  Extended Thermal Lance  
  78  6:27  Pylon  
  78  6:30  Phoenix  
  80  6:33  Colossus  
  80  6:36  Probe  
  84  6:48  Probe  
  84  6:50  Twilight Council  
  85  6:55  Phoenix  
  85  7:00  Probe  
  88  7:04  Stalker x2  
  92  7:12  Probe x2  
  94  7:19  Probe  
  94  7:20  Phoenix  
  97  7:23  Immortal  
  97  7:24  Pylon, Probe x2  
  99  7:30  Charge  
  99  7:31  Probe  
  99  7:36  Probe x2  
  106  7:43  Probe  
  107  7:47  Protoss Ground Weapons Level 1, Protoss Ground Armor Level 1  
  107  7:48  Probe x2  
  107  7:49  Forge  
  109  7:52  Forge  
  109  7:55  Probe, Pylon  
  110  8:00  Pylon  
  110  8:01  Probe x2  
  112  8:06  Gateway  
  112  8:07  Probe, Gateway  
  112  8:08  Zealot  
  112  8:09  Zealot  
  117  8:19  Assimilator, Pylon  
  117  8:20  Assimilator  
  117  8:21  Pylon  
  117  8:24  Pylon  
  117  8:30  Templar Archives  
  117  8:33  Probe  
  115  8:35  Probe  
  115  8:40  Photon Cannon, Probe  
  117  8:51  Pylon  
  117  8:53  Pylon  
  117  8:55  Photon Cannon  
  117  8:57  Photon Cannon  
  117  9:00  Gateway  
  117  9:02  Gateway  
  117  9:07  High Templar x4  
  125  9:10  Gateway  
  125  9:11  Gateway  
  125  9:13  Archon x2  
  125  9:15  Pylon  
  125  9:19  Warp Prism  
  127  9:27  Gateway  
  127  9:30  Gateway  
  127  9:38  Pylon  
  127  9:40  High Templar x2, Zealot x2  
  127  9:45  Archon  
  135  9:47  Nexus  
  135  9:57  High Templar  
  135  9:58  High Templar  
  135  9:59  Observer  
  140  10:06  Zealot x3  
  140  10:07  Archon, Zealot  
  148  10:12  Zealot  
  148  10:13  Zealot  
  152  10:22  Zealot  
Show
View Real Time Build Order
Export as new Build Order

Sarrel Terran - Winner!

Build Orders: Reaper Expand 

Get SALT Encoding   

  12  0:01  SCV  
  13  0:13  SCV  
  14  0:18  Supply Depot  
  14  0:26  SCV  
  15  0:37  Refinery  
  15  0:39  SCV  
  16  0:45  Barracks  
  16  0:51  SCV  
  17  1:03  SCV  
  18  1:16  SCV  
  19  1:32  Reaper, Orbital Command  
  20  1:45  Command Center  
  20  1:58  SCV  
  21  2:01  Factory  
  21  2:10  SCV  
  21  2:13  Barracks Reactor  
  21  2:14  Supply Depot  
  22  2:22  SCV  
  22  2:24  Refinery  
  23  2:36  SCV  
  24  2:48  SCV  
  24  2:50  Starport  
  25  2:54  Hellion x2  
  25  2:58  Orbital Command  
  29  3:00  SCV  
  30  3:12  SCV  
  31  3:15  Widow Mine x2  
  35  3:24  SCV x2  
  35  3:27  Supply Depot, Medivac  
  39  3:36  Widow Mine  
  39  3:37  Widow Mine, SCV  
  43  3:47  SCV, Armory  
  42  3:51  SCV  
  41  3:58  Widow Mine x2  
  41  4:01  SCV  
  46  4:03  Supply Depot  
  46  4:05  SCV  
  47  4:13  SCV  
  47  4:15  Command Center  
  48  4:19  Medivac  
  48  4:22  SCV  
  53  4:24  Widow Mine  
  53  4:26  Widow Mine  
  53  4:29  SCV  
  56  4:32  Supply Depot, Barracks Tech Lab  
  56  4:34  SCV  
  57  4:41  SCV  
  58  4:46  SCV  
  58  4:47  Widow Mine  
  58  4:48  Widow Mine  
  59  4:53  SCV  
  59  4:56  Supply Depot, Stimpack, Marine  
  59  4:58  SCV  
  62  5:00  Refinery  
  62  5:05  SCV  
  59  5:12  Medivac  
  59  5:13  Barracks, Marine  
  59  5:14  Barracks, SCV  
  62  5:17  SCV  
  62  5:19  Widow Mine  
  66  5:22  Widow Mine  
  66  5:27  Orbital Command  
  67  5:28  SCV  
  67  5:31  SCV, Marine  
  69  5:40  Widow Mine, SCV  
  70  5:43  Widow Mine, SCV  
  70  5:48  Engineering Bay  
  70  5:49  Engineering Bay  
  67  5:51  Refinery  
  67  5:52  Medivac, SCV  
  68  5:57  Orbital Command, Marauder  
  68  6:00  SCV  
  68  6:02  Barracks Tech Lab  
  73  6:04  SCV  
  73  6:10  Barracks  
  72  6:11  Barracks  
  72  6:12  SCV  
  72  6:13  Marine  
  72  6:14  Marine  
  72  6:16  Terran Infantry Armor Level 1, SCV, Terran Infantry Weapons Level 1  
  76  6:21  Marine  
  76  6:22  Marauder  
  76  6:23  SCV  
  76  6:24  SCV  
  81  6:28  Missile Turret  
  81  6:29  SCV  
  78  6:40  Marine, Starport Reactor  
  78  6:41  Marauder  
  78  6:42  SCV x2  
  78  6:44  Marine, Marauder  
  78  6:45  Combat Shield  
  84  6:50  SCV  
  84  6:52  Supply Depot x2  
  85  6:58  Barracks Tech Lab x2  
  85  7:00  Factory Reactor  
  82  7:01  SCV x2  
  82  7:02  Marauder  
  82  7:03  Refinery x2, Marine  
  82  7:05  Concussive Shells  
  82  7:06  Marauder  
  82  7:07  Missile Turret  
  88  7:10  Missile Turret  
  88  7:11  SCV  
  88  7:13  SCV  
  90  7:16  Medivac  
  90  7:17  Medivac, Marauder  
  90  7:19  SCV  
  90  7:21  Supply Depot  
  90  7:22  Marine  
  98  7:24  Supply Depot, Marine, Marauder  
  98  7:26  SCV  
  102  7:33  Marine  
  102  7:34  SCV, Marauder  
  102  7:36  Starport  
  106  7:39  Marauder  
  106  7:40  Marine  
  106  7:42  SCV  
  106  7:44  Supply Depot  
  106  7:45  Supply Depot, Marauder  
  106  7:48  SCV, Marine  
  110  7:51  Marauder  
  110  7:52  Supply Depot, Medivac x2  
  110  7:56  Supply Depot  
  116  8:03  Missile Turret, Marine  
  116  8:04  Marauder x2  
  121  8:06  Marine  
  121  8:11  Terran Infantry Weapons Level 2, Terran Infantry Armor Level 2  
  122  8:15  Marine, Marauder  
  125  8:20  Bunker  
  125  8:21  Marine  
  125  8:23  Viking  
  125  8:24  Marauder  
  125  8:25  Bunker  
  125  8:26  Viking  
  132  8:28  Viking  
  132  8:32  Marine, Marauder  
  132  8:33  Marine  
  138  8:37  Viking  
  138  8:39  Supply Depot, Marine  
  138  8:40  Marine  
  142  8:42  Terran Ship Weapons Level 1  
  142  8:47  Marine, Ghost Academy  
  141  8:49  Supply Depot, Marine  
  141  8:51  Widow Mine  
  141  8:53  Missile Turret  
  144  8:57  Viking  
  144  8:59  Viking  
  77  9:02  Viking  
  148  9:06  Supply Depot, Marine x2  
  155  9:12  Viking, Widow Mine  
  155  9:15  Supply Depot  
  161  9:20  Ghost  
  161  9:21  Ghost  
  161  9:23  Supply Depot  
  160  9:25  Marine  
  160  9:26  Marauder x2  
  160  9:29  Supply Depot  
  160  9:31  Viking  
  167  9:34  Viking  
  169  9:40  Marine  
  169  9:43  Viking  
  172  9:48  Command Center, Marauder  
  172  9:49  Viking  
  172  9:50  Marine  
  179  9:58  Marine  
  182  10:01  Ghost  
  182  10:03  Ghost  
  182  10:06  Marine  
  182  10:07  Command Center  
  182  10:08  Viking  
  182  10:09  Marauder  
  185  10:23  Barracks  
  185  10:24  Marauder  
  185  10:25  Barracks, Marine  
  185  10:27  Barracks  
Tags
 
Add a new tag
Caveats
  • Supply blocks, unpowered buildings, or Contaminate may cause inaccurate times.
  • Supply counts are checked every 10 seconds.